Map: Ice and Chrome LE

Players

Astrea

  • Race: Protoss Protoss
  • Spawn Location: 7:00

maru - Winner!

  • Race: Terran Terran
  • Spawn Location: 1:00

VOD

Have the link to the VOD?

Description

Time

  • Played on: July 17, 2020, 10:31 a.m.
  • Length: 6:50
Show
View Real Time Build Order
Export as new Build Order

Astrea Protoss 

Build Orders: 1 Gate Expand, Blink Stalkers, Colossus Rush 

Get SALT Encoding   

  12  0:00  Probe  
  13  0:12  Probe  
  14  0:16  Pylon  
  14  0:22  Probe  
  15  0:31  Probe  
  15  0:35  Gateway  
  16  0:39  Probe  
  16  0:44  Assimilator  
  17  0:51  Probe  
  18  1:03  Probe  
  19  1:15  Probe  
  20  1:22  Nexus  
  20  1:29  Cybernetics Core  
  20  1:32  Probe  
  21  1:37  Assimilator  
  21  1:44  Probe  
  22  1:50  Pylon  
  22  1:56  Probe  
  22  1:58  Adept  
  23  2:05  Probe  
  25  2:11  Warp Gate  
  25  2:13  Probe  
  26  2:18  Twilight Council  
  26  2:22  Stalker  
  27  2:23  Probe  
  28  2:32  Blink  
  28  2:34  Probe  
  28  2:36  Probe  
  32  2:46  Probe  
  32  2:48  Probe  
  34  2:59  Probe  
  34  3:00  Probe  
  36  3:08  Stalker  
  36  3:11  Probe  
  39  3:14  Probe  
  39  3:16  Gateway  
  40  3:23  Probe  
  40  3:25  Pylon  
  40  3:26  Robotics Facility  
  41  3:29  Probe  
  42  3:35  Probe  
  43  3:41  Probe  
  43  3:44  Pylon  
  43  3:47  Probe  
  45  3:52  Nexus  
  45  3:53  Probe  
  46  3:59  Probe, Stalker  
  47  4:06  Probe  
  47  4:07  Assimilator  
  47  4:09  Assimilator  
  48  4:10  Sentry  
  48  4:13  Probe  
  48  4:15  Pylon  
  51  4:17  Observer  
  51  4:21  Probe  
  51  4:22  Pylon  
  53  4:26  Probe  
  54  4:33  Stalker  
  54  4:35  Probe, Pylon  
  57  4:38  Observer  
  57  4:41  Probe  
  59  4:48  Gateway x2  
  60  4:52  Probe  
  60  4:53  Observer, Robotics Bay, Forge  
  60  4:55  Probe  
  62  5:03  Stalker x2  
  62  5:05  Probe x2  
  68  5:10  Probe  
  69  5:15  Immortal  
  69  5:17  Probe x2  
  71  5:22  Probe  
  76  5:29  Sentry, Probe  
  76  5:30  Probe  
  76  5:33  Observer  
  80  5:39  Probe, Colossus  
  80  5:42  Probe, Photon Cannon  
  83  5:43  Shield Battery  
  83  5:49  Gateway x2  
  83  5:55  Observer  
  88  5:59  Probe  
  89  6:05  Probe  
  89  6:06  Zealot  
  92  6:12  Pylon  
  92  6:14  Pylon  
  92  6:21  Pylon  
  76  6:33  Stalker x4  
  80  6:44  Zealot x2  
Show
View Real Time Build Order
Export as new Build Order

maru Terran - Winner!

Build Orders: Reaper Expand 

Get SALT Encoding   

  12  0:00  SCV  
  13  0:13  SCV  
  14  0:17  Supply Depot  
  14  0:25  SCV  
  15  0:38  SCV  
  15  0:40  Barracks  
  16  0:42  Refinery  
  16  0:50  SCV  
  17  1:03  SCV  
  18  1:15  SCV  
  19  1:26  Reaper  
  19  1:27  Orbital Command  
  20  1:40  Command Center  
  20  1:49  Supply Depot  
  20  1:53  SCV  
  21  1:58  Marine  
  22  2:07  Factory  
  22  2:09  SCV  
  22  2:15  Refinery  
  23  2:21  Barracks Reactor  
  23  2:22  SCV  
  24  2:28  Bunker  
  24  2:34  SCV  
  25  2:40  Barracks  
  25  2:46  SCV  
  26  2:52  Orbital Command  
  26  2:54  Factory Tech Lab  
  26  2:58  SCV  
  27  3:10  SCV  
  31  3:12  Cyclone  
  31  3:13  Marine x2  
  31  3:19  SCV  
  33  3:22  SCV  
  33  3:26  Barracks Tech Lab  
  34  3:31  Marine x2, SCV  
  37  3:35  SCV  
  37  3:40  Supply Depot, Engineering Bay  
  38  3:44  SCV  
  38  3:48  Stimpack  
  39  3:49  Marine x3  
  39  3:51  SCV  
  43  3:58  SCV  
  43  4:02  Siege Tank  
  47  4:03  Supply Depot  
  47  4:07  Terran Infantry Weapons Level 1  
  47  4:09  Marine x2  
  49  4:11  SCV  
  49  4:13  SCV  
  51  4:21  Refinery  
  51  4:24  Barracks  
  51  4:27  Marine x2, Marauder  
  51  4:28  SCV  
  51  4:30  SCV  
  57  4:34  Supply Depot  
  57  4:40  Starport  
  57  4:42  SCV  
  57  4:44  SCV, Factory Reactor  
  59  4:50  Marauder  
  59  4:52  Marine  
  62  4:56  Marine, SCV  
  62  4:57  Supply Depot  
  62  4:59  SCV  
  65  5:08  Supply Depot  
  65  5:11  Marine, Marauder  
  68  5:15  SCV  
  68  5:18  Combat Shield  
  68  5:19  Marauder  
  71  5:26  SCV  
  71  5:27  Medivac  
  71  5:28  Medivac, Supply Depot, Concussive Shells  
  76  5:33  Marine  
  76  5:34  Marine, Marauder  
  80  5:36  Widow Mine  
  80  5:37  Supply Depot  
  80  5:40  Marauder  
  80  5:41  SCV  
  85  5:45  SCV  
  85  5:47  Refinery  
  86  5:50  Supply Depot  
  86  5:53  SCV  
  87  5:58  SCV, Factory Reactor  
  87  6:00  Marine x2, Marauder  
  87  6:02  Marauder  
  94  6:05  SCV  
  95  6:12  Command Center  
  95  6:21  Marine  
  95  6:22  Marine, Marauder  
  95  6:23  Marauder  
  101  6:26  SCV  
  101  6:31  SCV  
  102  6:38  SCV  
  103  6:49  Supply Depot  
Tags
 
Add a new tag
Caveats
  • Supply blocks, unpowered buildings, or Contaminate may cause inaccurate times.
  • Supply counts are checked every 10 seconds.